Map: Void Launch

Players

Alebay

  • Race: Protoss Protoss
  • Spawn Location: 6:00

MattBarry

  • Race: Protoss Protoss
  • League: Gold
  • Spawn Location: 6:00

VOD

Have the link to the VOD?

Description

Time

  • Played on: Jan. 27, 2023, 11:51 p.m.
  • Length: 26:12
Show
View Real Time Build Order
Export as new Build Order

Alebay Protoss 

Build Orders:  

Get SALT Encoding   

  12  0:02  Probe (Chrono Boost)  
  13  0:16  Probe (Chrono Boost)  
  14  0:27  Pylon  
  14  0:31  Probe (Chrono Boost)  
  15  0:44  Probe (Chrono Boost)  
  16  0:55  Gateway  
  16  0:57  Probe (Chrono Boost)  
  17  1:10  Probe (Chrono Boost)  
  17  1:12  Cybernetics Core  
  17  1:14  Forge  
  18  1:23  Probe (Chrono Boost)  
  19  1:30  Assimilator  
  19  1:36  Probe (Chrono Boost)  
  20  1:49  Assimilator, Probe (Chrono Boost)  
  21  2:00  Legionnaire  
  21  2:02  Probe (Chrono Boost)  
  25  2:15  Probe (Chrono Boost)  
  26  2:28  Pylon  
  26  2:32  Pylon, Probe (Chrono Boost)  
  26  2:33  Warp Gate  
  26  2:37  Kaldalis' A.I. Personality  
  27  2:55  Protoss Ground Weapons Level 1  
  27  2:56  Probe (Chrono Boost)  
  28  3:00  Pylon  
  28  3:10  Legionnaire  
  28  3:13  Probe (Chrono Boost)  
  33  3:30  Probe (Chrono Boost)  
  33  3:52  Adept  
  33  3:54  Talis' A.I. Personality  
  35  4:01  Gateway  
  35  4:18  Legionnaire  
  38  4:23  Pylon  
  38  4:24  Gateway  
  38  4:27  Gateway  
  38  4:32  Twilight Council  
  38  4:43  Adept  
  40  5:10  Adept  
  40  5:14  Purifier Armaments  
  40  5:17  Adept  
  44  5:52  Adept x2  
  44  5:53  Adept x2  
  52  6:09  Pylon  
  52  6:11  Pylon  
  52  6:13  Pylon  
  52  6:37  Nexus  
  52  6:39  Protoss Ground Armor Level 1  
  52  6:42  Assimilator  
  53  7:03  Probe (Chrono Boost)  
  53  7:05  Psionic Projection  
  53  7:06  Adept  
  53  7:09  Adept  
  57  7:28  Adept  
  60  7:33  Probe (Chrono Boost)  
  60  7:37  Adept  
  59  8:02  Adept  
  59  8:03  Adept x2  
  66  8:10  Probe (Chrono Boost)  
  66  8:16  Empowered Blades  
  66  8:18  Probe (Chrono Boost)  
  67  8:27  Probe (Chrono Boost)  
  68  8:31  Probe (Chrono Boost)  
  69  8:44  Probe x2 (Chrono Boost)  
  71  8:53  Adept  
  71  8:54  Adept  
  71  8:57  Probe (Chrono Boost)  
  77  9:01  Probe (Chrono Boost)  
  77  9:10  Adept, Probe (Chrono Boost)  
  77  9:11  Adept  
  77  9:18  Probe (Chrono Boost)  
  77  9:19  Observation Protocol  
  83  9:38  Probe (Chrono Boost)  
  85  9:42  Probe (Chrono Boost)  
  85  9:51  Assimilator, Probe (Chrono Boost)  
  85  9:59  Probe (Chrono Boost)  
  62  10:10  Charge  
  87  10:11  Adept x3  
  87  10:12  Adept  
  90  10:55  Debilitation System  
  90  11:06  Pylon  
  90  11:09  Pylon  
  90  11:11  Pylon, Probe (Chrono Boost)  
  90  11:13  Protoss Ground Weapons Level 2, Pylon  
  90  11:15  Probe (Chrono Boost)  
  92  11:20  Adept x2  
  92  11:21  Adept  
  98  11:31  Probe (Chrono Boost)  
  98  11:35  Probe (Chrono Boost)  
  98  11:44  Probe (Chrono Boost)  
  100  11:52  Adept x3, Probe (Chrono Boost)  
  100  11:53  Adept  
  108  12:07  Forge  
  108  12:24  Pylon  
  108  12:26  Pylon  
  108  12:29  Pylon  
  108  12:30  Adept, Pylon  
  108  12:31  Adept x3  
  108  12:34  Pylon  
  108  12:35  Pylon  
  108  12:37  Pylon  
  108  12:39  Pylon  
  116  12:46  Gateway  
  116  12:47  Gateway  
  116  12:50  Gateway  
  116  12:53  Gateway x2  
  116  13:01  Legionnaire x3  
  123  13:43  Legionnaire  
  123  13:44  Legionnaire x3  
  123  13:45  Protoss Shields Level 1  
  123  13:49  Protoss Ground Armor Level 2  
  135  14:03  Pylon  
  135  14:04  Pylon  
  135  14:06  Pylon  
  135  14:10  Adept x3  
  135  14:18  Adept  
  141  14:44  Adept x5  
  141  14:45  Adept  
  153  15:07  Adept x4  
  161  15:34  Protoss Ground Weapons Level 3  
  158  15:50  Legionnaire x3  
  158  15:51  Legionnaire  
  170  16:16  Robotics Facility  
  170  16:18  Robotics Facility  
  170  16:21  Robotics Facility  
  170  16:23  Robotics Facility  
  170  16:39  Legionnaire x4  
  178  17:28  Immortal x3  
  178  17:29  Immortal  
  191  17:56  Taldarin's A.I. Personality  
  191  17:59  Protoss Ground Armor Level 3  
  191  18:23  Immortal  
  191  18:29  Protoss Shields Level 2  
  195  18:36  Immortal  
  199  18:54  Protoss Air Weapons Level 1  
  199  19:30  Robotics Bay  
  181  20:06  Adept x3  
  181  20:07  Adept x5  
  181  20:08  Adept  
  196  20:48  Immortal  
  200  21:34  Protoss Air Armor Level 1  
  200  21:57  Pylon  
  200  22:00  Pylon  
  200  22:02  Pylon  
  139  22:25  Adept x2  
  139  22:26  Adept x5  
  139  22:27  Adept x2  
  150  22:52  Photon Cannon x2  
  150  22:55  Photon Cannon  
  150  22:56  Photon Cannon  
  150  22:58  Immortal x2, Photon Cannon  
  150  22:59  Immortal x2  
  166  23:01  Photon Cannon  
  166  23:02  Legionnaire x5, Photon Cannon  
  166  23:03  Legionnaire x3  
  166  23:04  Photon Cannon x2  
  190  23:15  Photon Cannon  
  190  23:16  Photon Cannon  
  158  25:00  Adept  
  158  25:01  Adept x4  
  158  25:02  Adept x2  
Show
View Real Time Build Order
Export as new Build Order

MattBarry Protoss 

Build Orders:  

Get SALT Encoding   

  12  0:03  Probe (Chrono Boost)  
  13  0:20  Pylon  
  13  0:35  Probe (Chrono Boost)  
  14  0:49  Probe (Chrono Boost)  
  15  0:50  Gateway  
  15  1:02  Probe (Chrono Boost)  
  16  1:10  Assimilator  
  16  1:16  Probe (Chrono Boost)  
  18  1:30  Probe (Chrono Boost)  
  18  1:44  Probe (Chrono Boost)  
  19  1:50  Pylon  
  19  1:56  Cybernetics Core  
  20  2:00  Probe (Chrono Boost)  
  20  2:14  Probe (Chrono Boost)  
  21  2:21  Gateway  
  21  2:28  Probe (Chrono Boost)  
  22  2:36  Forge  
  22  2:41  Probe (Chrono Boost)  
  23  2:55  Warp Gate, Probe (Chrono Boost)  
  24  3:12  Forge  
  24  3:14  Supplicant x2  
  28  3:20  Probe (Chrono Boost)  
  29  3:38  Pylon  
  29  3:49  Slayer  
  28  3:57  Slayer  
  28  4:20  Probe (Chrono Boost)  
  28  4:37  Probe (Chrono Boost)  
  29  4:44  Assimilator  
  29  5:02  Supplicant x2  
  29  5:04  Protoss Air Weapons Level 1, Protoss Ground Weapons Level 1  
  29  5:06  Probe (Chrono Boost)  
  35  5:23  Probe (Chrono Boost)  
  36  5:40  Probe (Chrono Boost)  
  36  5:54  Probe (Chrono Boost)  
  37  6:08  Cloaking Module, Probe (Chrono Boost)  
  38  6:18  Gateway  
  38  6:22  Probe (Chrono Boost)  
  38  6:27  Gateway  
  39  6:32  Death Council  
  39  6:47  Nexus  
  39  7:00  Pylon  
  39  7:05  Pylon  
  39  7:11  Pylon  
  39  7:26  Probe (Chrono Boost)  
  40  7:30  Blood Shields  
  41  7:40  Probe (Chrono Boost)  
  41  7:52  Supplicant x2  
  41  7:53  Supplicant x2  
  41  7:54  Probe (Chrono Boost)  
  41  7:55  Havoc  
  51  8:08  Probe (Chrono Boost)  
  52  8:24  Probe (Chrono Boost)  
  53  8:34  Probe (Chrono Boost)  
  53  8:38  Probe (Chrono Boost)  
  55  8:48  Soul Augmentation, Probe (Chrono Boost)  
  56  8:52  Probe (Chrono Boost)  
  56  8:58  Ascendant Archives  
  57  9:02  Probe (Chrono Boost)  
  57  9:05  Probe (Chrono Boost)  
  59  9:12  Assimilator  
  59  9:13  Assimilator  
  60  9:23  Probe (Chrono Boost)  
  60  9:37  Slayer  
  60  9:39  Supplicant x2  
  66  9:40  Slayer, Supplicant x2  
  72  10:02  Robotics Facility  
  64  10:23  Power Overwhelming  
  62  10:37  Robotics Facility  
  62  10:42  Pylon  
  62  11:04  Probe x2 (Chrono Boost)  
  64  11:18  Probe x2 (Chrono Boost)  
  60  11:25  Ascendant  
  60  11:27  Ascendant  
  53  11:31  Supplicant x2  
  53  11:32  Probe (Chrono Boost)  
  53  11:33  Supplicant x2  
  60  11:46  Protoss Air Weapons Level 2, Protoss Ground Weapons Level 2  
  60  11:53  Protoss Shields Level 1  
  60  11:55  Pylon  
  60  11:59  Gateway  
  60  12:01  Gateway  
  60  12:05  Pylon  
  60  12:15  Gateway  
  60  12:29  Warp Prism  
  62  12:36  Chaotic Attunement  
  62  12:46  Supplicant x4  
  62  12:48  Supplicant x2  
  74  12:50  Havoc  
  71  13:21  Havoc  
  72  13:36  Mind Blast  
  72  13:50  Supplicant x2  
  72  13:52  Supplicant x2  
  72  13:54  Ascendant  
  72  13:55  Supplicant x2  
  72  13:56  Supplicant x2  
  72  13:59  Supplicant x2  
  94  14:01  Supplicant x2  
  92  14:26  Protoss Ground Weapons Level 3, Protoss Air Weapons Level 3  
  92  14:33  Protoss Shields Level 2  
  92  14:40  Slayer  
  92  14:41  Slayer, Havoc  
  92  14:42  Havoc  
  92  14:43  Supplicant x2  
  102  15:19  Pylon  
  102  15:22  Pylon  
  102  15:24  Pylon  
  102  15:26  Pylon  
  102  15:29  Pylon  
  102  15:32  Pylon  
  102  15:37  Pylon  
  102  15:44  Pylon  
  102  15:48  Probe (Chrono Boost)  
  103  16:04  Pylon  
  103  16:05  Ascendant  
  103  16:06  Slayer x2  
  103  16:08  Supplicant x2  
  113  16:10  Pylon  
  113  16:17  Pylon  
  107  16:20  Supplicant x2  
  107  16:22  Supplicant x4  
  107  16:23  Pylon  
  119  16:31  Pylon  
  119  16:50  Supplicant x2  
  119  16:51  Supplicant x2  
  119  16:52  Supplicant x2  
  119  16:55  Slayer  
  119  16:56  Slayer  
  119  16:57  Havoc  
  119  16:58  Ascendant  
  138  17:18  Robotics Bay  
  126  17:20  Robotics Bay  
  126  17:26  Robotics Facility  
  126  17:28  Robotics Facility  
  96  18:07  Ascendant x2  
  96  18:09  Supplicant x2  
  96  18:10  Supplicant x6  
  108  18:11  Supplicant x2  
  120  18:20  Aerial Tracking  
  120  18:26  Rapid Power Cycling  
  120  18:47  Wraithwalker  
  126  18:54  Supplicant x2  
  126  18:55  Supplicant x2  
  126  18:57  Havoc  
  129  19:10  Supplicant x2  
  129  19:11  Supplicant x6  
  145  19:25  Supplicant x2  
  145  19:26  Supplicant x2  
  151  20:22  Ascendant x2  
  151  20:23  Supplicant x2  
  151  20:24  Supplicant x2  
  151  20:26  Supplicant x2  
  167  20:38  Havoc  
  167  20:39  Slayer  
  156  21:50  Supplicant x4  
  156  21:51  Supplicant x2  
  156  21:52  Supplicant x2  
  156  21:53  Supplicant x2  
  156  21:54  Supplicant x2  
  180  22:02  Ascendant  
  164  23:59  Supplicant x2  
  162  24:00  Havoc  
  162  24:02  Slayer  
  162  24:03  Ascendant  
  162  24:04  Supplicant x2  
  162  24:05  Supplicant x2  
  162  24:07  Ascendant  
Tags
 
Commander
AlarakFenix
League
Gold
Matchup
Co-op
Replay Pack
Multiplayer
Add a new tag
Caveats
  • Supply blocks, unpowered buildings, or Contaminate may cause inaccurate times.
  • Supply counts are checked every 10 seconds.